[Event "Klubbmästerskap 2025 Torsdagar"]
[Site "Linköping, Sweden"]
[Date "2025.03.27"]
[Round "8.2"]
[White "Halvarsson, Peter"]
[Black "Pettersson, Börje"]
[Result "0-1"]
[TimeControl "90 min + 30 sec/move"]
[WhiteElo "1927"]
[BlackElo "1906"]

1. e4 c5 2. Nf3 Nc6 3. b4 cxb4 4. d4 d5 5. exd5 Qxd5 6. c4 bxc3 7. Nxc3 Qa5 8. Rb1 e6 9. Bd2 Nf6 10.
Bc4 Bb4 11. Rxb4 Qxb4 12. Qe2 O-O 13. O-O Rd8 14. d5 Na5 15. Bd3 Qd6 16. Ne4 Qxd5 17. Nxf6+ gxf6 18. Ne1 Nc6 19. Bc3 e5 20.
Qh5 e4 21. Qh6 Qg5 22. Qxg5+ fxg5 23. Bxe4 f5 24. Bb1 Nd4 25. Bb2 Be6 26. Nc2 Nxc2 27. Bxc2 Rd2 0-1

[Event "Klubbmästerskap 2025 Torsdagar"]
[Site "Linköping, Sweden"]
[Date "2025.03.27"]
[Round "8.3"]
[White "Ståhlberg, Adam"]
[Black "Nagy, Mate 2009"]
[Result "0-1"]
[TimeControl "90 min + 30 sec/move"]
[WhiteElo "1944"]
[BlackElo "1917"]

1. d4 d5 2. c4 dxc4 3. Nc3 e5 4. dxe5 Qxd1+ 5. Kxd1 Be6 6. Nf3 Nc6 7. Bf4 O-O-O+ 8. Kc1 Nge7 9. Ng5 Ng6 10.
Nxe6 fxe6 11. g3 Ncxe5 12. Bh3 Re8 13. Be3 Kb8 14. Rd1 Bb4 15. Kc2 Nf7 16. f4 Nd6 17. a3 Ba5 18. Bc5 Bxc3 19.
Kxc3 Ne4+ 20. Kxc4 b6 21. Bg1 Nd6+ 22. Kb3 e5 23. f5 Ne7 24. g4 h5 25. g5 Nexf5 26. e4 Nh4 27. Bd7 Re7 28.
Bc6 Nf3 29. g6 Re6 30. Rd3 Rf8 31. Rc1 Rxg6 32. Bf2 Nxh2 33. Bh4 Rf3 34. Rcc3 Rxd3 35. Rxd3 Ng4 36. Rf3 Nf5 37. Rxf5 Rxc6 38.
Rxh5 Rh6 39. Rxh6 Nxh6 40. Kc4 c6 41. Be7 Nf7 42. b4 Kc7 43. Kd3 Kd7 44. Bf8 g5 45. Ke3 g4 46. Kf2 Nd6 47.
Kg3 Nxe4+ 48. Kxg4 Ke6 49. Kf3 Kd5 50. Ke3 Nd6 51. Kd3 c5 52. bxc5 bxc5 53. Kc3 Ne4+ 54. Kc2 c4 55. Be7 Nf2 56.
Bg5 Kd4 57. Bf6 Ng4 58. Bg7 c3 59. Kc1 Kd3 60. a4 e4 61. a5 a6 62. Bf8 e3 63. Be7 e2 64. Bh4 Ne3 65. Bf2 Ng2 66.
Bg3 e1=Q+ 67. Bxe1 Nxe1 68. Kd1 c2+ 69. Kc1 Ng2 70. Kb2 Kd2 71. Kb3 c1=Q 72. Ka2 Qc8 73. Kb3 Qc5 74. Ka2 Qb5 75.
Ka1 Kc1 76. Ka2 Qa4# 0-1

[Event "Klubbmästerskap 2025 Torsdagar"]
[Site "Linköping, Sweden"]
[Date "2025.03.27"]
[Round "8.4"]
[White "Skytt, Klas"]
[Black "Gustafsson, Nils"]
[Result "0-1"]
[TimeControl "90 min + 30 sec/move"]
[WhiteElo "1764"]
[BlackElo "1860"]

1. b4 e5 2. Bb2 Bxb4 3. Bxe5 Nf6 4. c3 Be7 5. d4 d5 6. e3 O-O 7. Bd3 c5 8. Ne2 Nc6 9. Bxf6 Bxf6 10.
a3 Re8 11. O-O c4 12. Bc2 Ne7 13. Ng3 g6 14. Qf3 Kg7 15. e4 dxe4 16. Bxe4 Be6 17. Rd1 Bd5 18. Nd2 Bg5 19. Bxd5 Nxd5 20.
Nge4 Bxd2 21. Nxd2 Rc8 22. a4 Qd7 23. Rdc1 Rc6 24. Nf1 Rce6 25. Ng3 h5 26. h4 Rf6 27. Nxh5+ gxh5 28. Qxh5 Rg6 29.
Kf1 Rxg2 30. Qf3 Rg6 31. Re1 Rxe1+ 32. Rxe1 Nf4 33. Re5 Nd3 34. Rf5 Qe6 35. Rg5 Rxg5 36. hxg5 b6 37. Kg2 Ne1+ 0-1

[Event "Klubbmästerskap 2025 Torsdagar"]
[Site "Linköping, Sweden"]
[Date "2025.03.27"]
[Round "8.5"]
[White "Leijon, Noah"]
[Black "Garner, Mårten"]
[Result "1/2-1/2"]
[TimeControl "90 min + 30 sec/move"]
[WhiteElo "1803"]
[BlackElo "1841"]

1. e4 e6 2. d4 d5 3. exd5 exd5 4. Bd3 Nc6 5. c3 Bd6 6. Ne2 Nge7 7. Qc2 Be6 8. Bf4 h6 9. Nd2 Qd7 10.
Nb3 b6 11. h3 Bf5 12. Bxd6 Bxd3 13. Qxd3 Qxd6 14. O-O-O a6 15. g4 h5 16. f4 Ng6 17. f5 Nf8 18. Rde1 Kd7 19. Qf3 Nh7 20.
Nf4 Nf6 21. Nd2 hxg4 22. hxg4 Rae8 23. g5 Rxh1 24. Rxh1 Ne4 25. Nxe4 Rxe4 26. Nd3 Kc8 27. Rh8+ Kb7 28. Rg8 Qh2 29.
Rxg7 Re2 30. Qf1 Rc2+ 31. Kb1 Rg2 32. Rh7 Qxh7 33. Qxg2 Qxf5 1/2-1/2

[Event "Klubbmästerskap 2025 Torsdagar"]
[Site "Linköping, Sweden"]
[Date "2025.03.27"]
[Round "8.6"]
[White "Snällfot, Magnus"]
[Black "Ahlström, Per"]
[Result "0-1"]
[TimeControl "90 min + 30 sec/move"]
[WhiteElo "1778"]
[BlackElo "1820"]

1. b3 e5 2. Bb2 d6 3. Nc3 Nf6 4. e3 Be7 5. Nf3 c6 6. e4 O-O 7. d4 Qa5 8. dxe5 dxe5 9. Bd3 Rd8 10.
O-O Nbd7 11. a3 Nf8 12. h3 Ne6 13. b4 Qc7 14. Qc1 Nf4 15. Bc4 b5 16. Bb3 Nxe4 17. Re1 Ng5 18. Nxg5 Bxg5 19.
Qe3 Nxh3+ 0-1

[Event "Klubbmästerskap 2025 Torsdagar"]
[Site "Linköping, Sweden"]
[Date "2025.03.27"]
[Round "8.7"]
[White "Lilljebjörn, Erik Gustaf"]
[Black "Karlsson, Henrik 1974"]
[Result "1-0"]
[TimeControl "90 min + 30 sec/move"]
[WhiteElo "1783"]
[BlackElo "1804"]

1. e4 e6 2. d4 d5 3. Nd2 a6 4. c3 c5 5. Bd3 Nc6 6. Ne2 cxd4 7. exd5 Qxd5 8. Nf3 dxc3 9. Nxc3 Bb4 10.
O-O Bxc3 11. bxc3 Ne5 12. Nxe5 Qxe5 13. Qf3 Nf6 14. Ba3 Qd5 15. Qg3 Rg8 16. Rfd1 Qc6 17. Be2 Ne4 18. Qh4 g5 19.
Qxh7 Nf6 20. Qd3 Bd7 21. Bf3 Qb6 22. Rab1 Bb5 23. c4 g4 24. Qc3 gxf3 25. Qxf6 Rxg2+ 26. Kh1 Qc7 27. Qh8+ 1-0

[Event "Klubbmästerskap 2025 Torsdagar"]
[Site "Linköping, Sweden"]
[Date "2025.03.27"]
[Round "8.8"]
[White "Davidsson, Asker"]
[Black "Stefanovic, Dragan 1958"]
[Result "1-0"]
[TimeControl "90 min + 30 sec/move"]
[WhiteElo "1823"]
[BlackElo "1791"]

1. c4 e5 2. Nc3 Bb4 3. g3 Bxc3 4. bxc3 d6 5. Bg2 Ne7 6. e4 c5 7. Ne2 Nbc6 8. d3 f6 9. Be3 O-O 10.
O-O Be6 11. f4 Bg4 12. f5 Qe8 13. h3 Bxe2 14. Qxe2 Kh8 15. g4 g5 16. fxg6 Qxg6 17. Kh2 Rg8 18. Qf2 Raf8 19. Qh4 Kg7 20.
Rf2 Rh8 21. Raf1 h6 22. Rf3 Nd8 23. d4 Ne6 24. dxe5 dxe5 25. Qf2 b6 26. h4 Ng8 27. Rd1 Qf7 28. h5 Ng5 29. Bxg5 hxg5 30.
Rfd3 Re8 31. Rd7 Re7 32. Qf5 Kh6 33. R1d6 Rh7 34. Rxe7 Nxe7 35. Rxf6+ 1-0

[Event "Klubbmästerskap 2025 Torsdagar"]
[Site "Linköping, Sweden"]
[Date "2025.03.27"]
[Round "8.9"]
[White "Ivarsson, Simon"]
[Black "Larsson, Elin"]
[Result "0-1"]
[TimeControl "90 min + 30 sec/move"]
[WhiteElo "1771"]
[BlackElo "1666"]

1. e4 c5 2. Nf3 Nc6 3. c3 Nf6 4. Bd3 d6 5. h3 g6 6.
Bc2 Bg7 7. d3 O-O 8. O-O b5 9. Be3 a5 10. Qd2 b4 11.
Bh6 Qb6 12. Bxg7 Kxg7 13. Ba4 Ba6 14. Bxc6 Qxc6 15. Re1 c4 16. e5 Nd5 17. d4 Rab8 18. Re2 Rb6 19. Nh2 Bc8 20. Nf3 Bf5 21.
Ne1 Bxb1 22. Rxb1 bxc3 23. Qc2 Rfb8 24. b3 cxb3 25. Rxb3 Rxb3 26. axb3 Qb5 27. Qa2 Nb4 0-1